 Dungeon Crawl Stone Soup version 0.21-a0 (webtiles) character file.

100 tyvek the Ruffian (level 4, -7/35 HPs)
             Began as a Draconian Transmuter on May 18, 2017.
             Mangled by a worm (11 damage)
             ... on level 2 of the Dungeon.
             The game lasted 00:02:30 (1645 turns).

tyvek the Ruffian (Draconian Transmuter)            Turns: 1645, Time: 00:02:30

Health: -7/35      AC:  6    Str: 12    XL:     4   Next: 47%
Magic:  6/7        EV: 12    Int: 15    God:
Gold:   107        SH:  0    Dex: 11    Spells: 4/7 levels left

rFire    . . .     SeeInvis .     - Unarmed
rCold    . . .     Gourm    .   (no shield)
rNeg     . . .     Faith    .   (armour unavailable)
rPois    .         Spirit   .   (helmet restricted)
rElec    .         Reflect  .   (no cloak)
rCorr    .         Harm     .   m - +0 pair of gloves
MR       .....                  (boots currently unavailable)
Stlth    +.........             (no amulet)
Regen    0.2/turn               (no ring)
MPRegen  0.1/turn               (no ring)

@: appendage, very slightly contaminated
A: unfitting armour, talons 3, cold-blooded, AC +5
a: End Transformation


You were on level 2 of the Dungeon.
You were hungry.
You had grown temporary talons.
You visited 1 branch of the dungeon, and saw 2 of its levels.

You collected 107 gold pieces.


Innate Abilities, Weirdness & Mutations

Your plain brown scales are hard. (AC +5)
You cannot fit into any form of body armour.
You are cold-blooded and may be slowed by cold attacks.
You have claws for feet.


   Skills:
 - Level 1.1 Fighting
 - Level 1.7 Dodging
 * Level 4.8 Unarmed Combat
 - Level 2.0 Spellcasting
 + Level 3.0 Transmutations


You had 4 spell levels left.
You knew the following spells:

 Your Spells              Type           Power        Failure   Level  Hunger
t - Sticks to Snakes      Tmut           ##......     10%         2    ###....
z - Beastly Appendage     Tmut           ##....       6%          1    #......

Inventory:

Missiles
 a - 24 arrows
 o - a throwing net {=f}
Armour
 m - a +0 pair of gloves (worn)
Scrolls
 d - a scroll of enchant weapon {unknown}
 g - 2 scrolls of magic mapping {unknown}
 h - a scroll of teleportation {unknown}
 i - a scroll of enchant armour {unknown}
 l - 2 scrolls of identify {unknown}
 n - a scroll of blinking {unknown}
Potions
 e - a potion of flight {unknown}
 j - 2 potions of brilliance {unknown}
Books
 b - a book of Changes

   Spells                             Type                      Level
   a - Beastly Appendage              Transmutation                1
   b - Sticks to Snakes               Transmutation                2
   c - Spider Form                    Transmutation/Poison         3
   d - Ice Form                       Ice/Transmutation            4
   e - Blade Hands                    Transmutation                5
Comestibles
 c - a bread ration {@e1}
 f - a royal jelly {@e3}
 k - 4 fruits {@e2}
 p - 13 chunks of flesh

Dungeon Overview and Level Annotations

Branches:
Dungeon (2/15)

Altars:

#....# # #.#### .
#.# #. #.# #
#.###########.#
#.#.#...........#
.....##.#.######
#.##..##.#.#
#...w@).?#.#
####..####.# #..#
#.# ..... ..#
###### ###


You could see a worm.


Message History

You miscast Beastly Appendage.
You are very lightly contaminated with residual magic.
Nothing appears to happen.
You hit the worm.
You tail-slap the worm, but do no damage.
The worm is lightly wounded.
The worm barely misses you.
You barely miss the worm.
Your tail-slap misses the worm.
You hit the worm.
The worm is lightly wounded.
The worm misses you.
You hit the worm.
The worm is moderately wounded.
The worm bites you!
* * * LOW HITPOINT WARNING * * *
You punch the worm!
The worm is severely wounded.
You barely miss the worm. You tail-slap the worm.
The worm is almost dead.
The worm bites you.
* * * LOW HITPOINT WARNING * * *
You hit the worm but do no damage.
The worm is severely wounded.
You barely miss the worm. You tail-slap the worm.
The worm is almost dead.
The worm barely misses you.
Casting: Beastly Appendage
Confirm with . or Enter, or press ? or * to list all spells.
Your feet morph into talons.
The worm bites you!
You die...

Skill      XL: |  1  2  3  4 |
---------------+-------------+-----
Unarmed Combat | 4 |  4.8
Transmutations | 3 |  3.0
Fighting       | |  1.1
Dodging        | |  1.7
Spellcasting   | |  2.0

Action                   |  1- 3 |  4- 6 || total
-------------------------+-------+-------++-------
Melee: Unarmed           |   107 |    69 ||   176
       Tailslap          |    11 |    11 ||    22
       Headbutt          |     3 |     2 ||     5
 Cast: Beastly Appendage |     1 |     2 ||     3
 Stab: Distracted        |     1 |       ||     1
  Eat: Chunk             |     1 |     1 ||     2
Armor: Skin              |    28 |    27 ||    55
Dodge: Dodged            |    67 |    41 ||   108

Vault maps used:
D:1:      evilmike_arrival_rings, serial_forest, infiniplex_forest_lined_corner,
          infiniplex_forest_lined_room_2, infiniplex_forest_straight_2,
          infiniplex_forest_clump_double, infiniplex_forest_zigzag_2,
          infiniplex_forest_lined_3
D:2:      minmay_stone_trees_large

Notes
Turn   | Place    | Note
-------+----------+-------------------------------------------
     0 | D:1      | tyvek the Draconian Transmuter began the quest for the Orb.
     0 | D:1      | Reached XP level 1. HP: 16/16 MP: 3/3
   384 | D:1      | Reached XP level 2. HP: 23/23 MP: 5/5
  1156 | D:2      | Reached skill level 4 in Unarmed Combat
  1156 | D:2      | Reached XP level 3. HP: 24/28 MP: 6/6
  1193 | D:2      | Learned a level 2 spell: Sticks to Snakes
  1275 | D:2      | Reached XP level 4. HP: 8/35 MP: 7/7
  1561 | D:2      | Reached skill level 3 in Transmutations
  1645 | D:2      | Mangled by a worm

Vanquished Creatures
  4 gnolls (D:2)
  2 adders (D:2)
  4 giant cockroaches
  5 goblins
  7 hobgoblins
  4 jackals (D:2)
  5 kobolds
  A ball python (D:2)
  4 bats (D:1)
  A frilled lizard (D:2)
  8 rats
45 creatures vanquished.
